[Event "Asian Amateur-ch Open 2022"]
[Site "Muscat"]
[Date "2022.10.02"]
[Round "2.8"]
[White "Fooladi, Behrooz"]
[Black "Khayat, Emad"]
[Result "1-0"]
[ECO "E16"]
[WhiteElo "1928"]
[BlackElo "1597"]
[Annotator "TA"]
[PlyCount "107"]
[EventDate "2022.09.29"]
[EventType "swiss"]
[SourceTitle "playchess.com"]
[Source "ChessBase"]
[SourceQuality "1"]
[TimeControl "5400+30"]

1. d4 Nf6 2. c4 e6 3. g3 Bb4+ 4. Nd2 d5 5. Bg2 O-O 6. Ngf3 b6 7. O-O Bb7 8. Ne5 Nbd7 {[%emt 0:10:43] 8...a5 is more fashionable.} 9. Qa4 {[%emt 0:01:45] Nxd7 is the strong threat. E16: Queen's Indian: 4 g3 Bb7 5 Bg2 Bb4+.} Bxd2 10. Bxd2 Nxe5 11. dxe5 {[%emt 0:00:08] White is slightly better.} Ne4 12. Be3 Qe7 13. Rfd1 Rfd8 {[%emt 0:16:21] [#]} 14. Rac1 $146 ({Predecessor:} 14. Bxe4 dxe4 15. Rxd8+ Qxd8 16. Rd1 Qe8 17. Qxe8+ Rxe8 18. b4 Kf8 19. a4 Ke7 20. a5 {½-½ (40) Mica,M (2316)-Syrkiewicz,M (1975) Prague 2021}) 14... c6 15. b4 {[%emt 0:04:42] Hoping for f3.} f6 (15... f5 $14) 16. exf6 (16. Bxe4 $18 {And now exf6 would win.} dxe4 17. Rxd8+ Qxd8 18. exf6) 16... Nxf6 $14 17. cxd5 exd5 18. Qb3 Kh8 19. Qb2 Re8 20. Bd4 (20. a4 {is more complex.} Ng4 21. Bd4 Rac8 22. Bh3) 20... Qe6 21. a4 Re7 22. Rc2 Rf7 23. Rd3 {[%emt 0:01:41] White is more active.} Ne4 24. Rf3 Kg8 25. a5 $1 b5 (25... Nd6 $16 {might work better.}) 26. Rxf7 $18 Qxf7 27. h4 ({Don't play} 27. a6 Bxa6 28. Rxc6 Bb7 $16) (27. Qc1 $18 {[%cal Oa5a6] and White stays clearly on top. Black must now prevent a6!} Qd7 28. a6 Bxa6 29. Rxc6) 27... a6 $16 28. Bxe4 dxe4 29. Rc5 {[%emt 0:00:07][%cal Od4g7] Strongly threatening Bxg7!} h6 30. Re5 Rd8 31. Rxe4 $2 (31. Bc5 $16 {keeps the pressure on.} Re8 32. Qd4) 31... c5 $1 $19 32. Rg4 Rxd4 ({Don't go for} 32... cxd4 $2 33. Rxd4 Re8 34. Rd6 $19) 33. Rxd4 cxd4 34. Qxd4 Qd5 {[%emt 0:00:45] Against Qd6} (34... Qg6 $19 {has better winning chances. ( -> ...Qb1+)} 35. Qd3 Qxd3 36. exd3 Kf7) 35. Qxd5+ $17 Bxd5 {[%emt 0:00:08][%mdl 4096] Endgame KB-KP} 36. f3 Kf7 37. Kf2 Ke6 38. e4 Bc6 39. Ke3 g5 (39... Bd7 $17 40. Kd4 Kd6) 40. hxg5 $1 $11 hxg5 41. Kd4 $1 Kd6 42. f4 ({White should play} 42. e5+ $1 $11 Kc7 43. f4) 42... Be8 $15 43. f5 $2 {[%emt 0:04:49][%mdl 8192] [#]} (43. Kc3 $15) 43... Bh5 $1 $19 44. e5+ {[%emt 0:00:19] [#]} Ke7 $2 (44... Kc6 $1 $19 45. Ke4 Bg4) 45. Kc5 $15 Bg4 46. f6+ Ke6 {[%emt 0:00:55] Threatens to win with ...Be2.} 47. Kb6 Bh5 $2 (47... Be2 $15) 48. Kxa6 Kxe5 49. Kxb5 Kxf6 {[%emt 0:00:37] KB-K3P} 50. Kb6 $2 (50. a6 {mates} Kf5 51. Kc6 Bf3+ 52. Kc7 Kg4 53. b5 Be2 54. a7 Bxb5 55. a8=Q) 50... Ke7 $1 $11 51. b5 {[%emt 0:00:31][%cal Bb4b5,Bb5b6,Bb6b7][%mdl 32] White threatens Kc7 and mate.} Kd7 (51... Be2 $11) 52. Ka7 {[%emt 0:00:13] White mates.} Be2 53. b6 Bf3 54. b7 {[%emt 0:00:14] Never resign too early!  Weighted Error Value: White=0.55/Black=0.55} 1-0

[Event "Asian Amateur-ch Open 2022"]
[Site "Muscat"]
[Date "2022.10.02"]
[Round "2.9"]
[White "Al Ghafri, Amer"]
[Black "Zahmati, Sobhan"]
[Result "0-1"]
[ECO "A36"]
[WhiteElo "1605"]
[BlackElo "1926"]
[Annotator "TA"]
[PlyCount "72"]
[EventDate "2022.09.29"]
[EventType "swiss"]
[SourceTitle "playchess.com"]
[Source "ChessBase"]
[SourceQuality "1"]
[TimeControl "5400+30"]

1. c4 e6 2. g3 c5 3. Bg2 Nc6 4. Nc3 Nf6 5. e4 Be7 6. Nge2 O-O 7. O-O d6 8. d3 a6 9. Nf4 {[%emt 0:01:00] A36: Symmetrical English vs ...g6: 4 Bg2 Bg7.} Rb8 10. a4 {[%emt 0:01:08] [#] Against b5} Ne8 $146 ({Predecessor:} 10... b6 11. Nfe2 Bb7 12. f4 Ne8 13. f5 Bf6 14. g4 Nd4 15. Be3 Bg5 16. Bf2 Nxe2+ 17. Qxe2 {0-1 (36) Drtina,M (2247)-Gasa,A (2257) Slovakia 2011}) 11. Be3 {[%emt 0:01:03] The position is equal.} Nc7 12. Qd2 b5 13. axb5 axb5 14. b3 Bf6 {[%emt 0:14:18] Hoping for ...b4.} 15. Rab1 Bd7 16. Nfe2 Nd4 ({Better is} 16... b4 $15 17. Nd1 e5) 17. f4 Na6 (17... b4 $5 18. Nd1 e5 $15) 18. Bxd4 (18. e5 $11 dxe5 19. Ne4) 18... cxd4 $17 19. Nd1 bxc4 20. dxc4 Ba4 (20... Qc7 $17) 21. b4 (21. Nc1 $1 $11 {remains equal.} Bd7 22. Nd3) 21... Qb6 {[%emt 0:07:56] Black continues to play with concentration.} 22. Kh1 (22. Nf2 $17) 22... Nxb4 $19 23. Nf2 {[%emt 0:00:53] [#]} Qc5 $1 24. Rbc1 e5 25. f5 (25. Ng1 {was necessary.}) 25... Be7 {[%emt 0:00:31] This bishop pair is nice.} 26. f6 (26. Nd1 $142) 26... Bxf6 {[%emt 0:00:16] Black is clearly winning.} 27. Ng4 Be7 28. Bh3 Bc6 {[%emt 0:01:16] [#] ...f5 is the strong threat.} 29. Nf6+ (29. Bg2 $142) 29... Bxf6 30. Rxf6 Bxe4+ 31. Bg2 Qc6 32. Rf2 Bxg2+ 33. Rxg2 Qe4 {[%emt 0:00:11] Strongly threatening ...Nd3.} 34. h3 Nd3 {[%emt 0:00:30] Threatens to win with ...Rb2.} 35. Rc2 {[%emt 0:01:26] Prevents Rb2.} Rb1+ 36. Kh2 Ne1 {[%emt 0:00:06] Weighted Error Value: White=1.02/Black=0.25 (precise)} 0-1

[Event "Asian Amateur-ch Open 2022"]
[Site "Muscat"]
[Date "2022.10.02"]
[Round "2.10"]
[White "Mahmoody, M. Sadegh"]
[Black "Reyes, Danilo G."]
[Result "1-0"]
[ECO "B06"]
[WhiteElo "1914"]
[BlackElo "1584"]
[Annotator "TA"]
[PlyCount "103"]
[EventDate "2022.09.29"]
[EventType "swiss"]
[SourceTitle "playchess.com"]
[Source "ChessBase"]
[SourceQuality "1"]
[TimeControl "5400+30"]

1. d4 g6 2. Nf3 Bg7 3. e4 d6 4. h3 c6 5. c4 Nd7 6. Nc3 {[%emt 0:00:56] B06: Modern Defence.} e5 7. d5 (7. Bg5 {keeps more tension.} Ngf6 8. d5 O-O 9. Be2) 7... c5 8. Bd3 {[%emt 0:02:44] White is better.} Ngf6 9. Be3 a6 {[%emt 0:04:15] [#]} 10. a3 $146 ({Predecessor:} 10. Qd2 h6 11. O-O g5 12. Nh2 Nf8 13. Be2 Ng6 14. a3 Nf4 15. Bxf4 exf4 {0-1 (66) Schmidt,M (1869)-Fronczek,H (2119) Templin 2004}) 10... h6 11. b4 b6 12. Nd2 O-O 13. Nb3 Rb8 (13... Nh5 $14) 14. Qd2 $16 Kh7 15. g4 {[%emt 0:00:28] Inhibits Nh5.} Rb7 16. f3 Re8 17. Ne2 Nf8 18. Ng3 Bd7 19. Be2 (19. Kf1 {is interesting.} h5 20. Kg2 Kg8 21. g5) 19... Ng8 20. h4 $1 ({Much weaker is} 20. bxc5 $6 bxc5 21. Na5 Rb6 $11) 20... f6 (20... Nf6 $16 21. g5 Nh5) 21. h5 g5 22. Kf2 Ne7 23. Rhb1 Qb8 24. Bd3 Kg8 25. bxc5 dxc5 26. a4 {[%emt 0:01:58] Black must now prevent a5.} a5 27. Kg2 Nc8 (27... Qc7 $142 28. Nc1 Nc8) 28. Bxc5 bxc5 29. Nxc5 {[%emt 0:00:01][%mdl 64] Discovered Attack} Rxb1 30. Rxb1 Qa7 31. Qf2 Nd6 {[%emt 0:01:38] Inhibits Rb7.} 32. Nb3 Qxf2+ 33. Kxf2 Nb7 (33... Rb8 $16) 34. c5 $18 Bxa4 35. c6 Bxb3 36. cxb7 ({Less strong is} 36. Rxb3 Nc5 $18) 36... a4 37. Nf5 $2 (37. Rc1 $1 $18 {[%cal Rc1c8] and the rest is easy. Rc8 is the strong threat.} Rb8 38. Rc7) 37... Rb8 $16 {[%emt 0:01:06] [#]} 38. Ne7+ $1 {[%emt 0:02:23][%mdl 1024] White has strong compensation.} Kh7 (38... Kf7 $2 39. Nc6 Re8 40. b8=Q Rxb8 41. Nxb8 $18) 39. Ba6 {[%emt 0:00:06] Hoping for Nc6. White is much more active.} Nd7 {[%emt 0:00:25] And now ...Nc5 would win.} 40. Nc6 Rf8 (40... Bf8 $16) 41. Rc1 $2 (41. Bb5 $18 {is more deadly.}) 41... a3 42. Na5 $36 {[%emt 0:00:15][%mdl 2048] Keeping Black busy.} Nb8 $2 {[%emt 0:00:38] [#]} (42... Ba4 $16 {was worth a try.}) 43. Bb5 $1 $18 Rf7 $2 (43... f5) 44. Bc6 ({And not} 44. Nxb3 Rxb7 45. Bc4 Bf8 $11) 44... Bf8 45. Nxb3 Bd6 46. Na5 Bb4 47. Nc4 Rc7 48. Ra1 Bc5+ 49. Ke2 Ba7 50. Rxa3 {[%emt 0:00:08] White mates.} Nxc6 51. dxc6 Bb8 52. Ra8 {[%emt 0:00:21] Weighted Error Value: White=0.25 (precise) /Black=0.59} 1-0

[Event "Asian Amateur-ch Open 2022"]
[Site "Muscat"]
[Date "2022.10.02"]
[Round "2.11"]
[White "Al Busafi, Khalid"]
[Black "Shahali, Milad"]
[Result "0-1"]
[ECO "E24"]
[WhiteElo "1596"]
[BlackElo "1910"]
[Annotator "TA"]
[PlyCount "76"]
[EventDate "2022.09.29"]
[EventType "swiss"]
[SourceTitle "playchess.com"]
[Source "ChessBase"]
[SourceQuality "1"]
[TimeControl "5400+30"]

1. d4 Nf6 2. c4 e6 3. Nc3 Bb4 4. a3 Bxc3+ 5. bxc3 b6 6. f3 Nc6 {[%emt 0:00:23] E24: Nimzo-Indian: Sämisch: Unusual Black 5th moves and 5...c5 sidelines.} 7. e4 e5 {[%emt 0:00:11] 7...Na5 is setting a new trend.} (7... d6 $1 $11) 8. d5 (8. Be3 $14) 8... Na5 $15 {[%emt 0:00:10] Black is slightly better.} 9. Bd3 {[%emt 0:01:48] [#]} Qe7 $146 ({Predecessor:} 9... Ba6 10. Qe2 Nb3 11. Rb1 Nxc1 12. Rxc1 Qe7 13. Ra1 c6 14. Nh3 Qc5 15. Kd2 Rc8 {0-1 (39) Ke,I (2058)-Gareyev,T (2617) Chess.com INT 2017}) 10. Be3 Ba6 11. Qe2 d6 12. Nh3 O-O 13. O-O Qd7 14. a4 c6 15. Nf2 Rac8 16. Ra3 cxd5 17. cxd5 Bxd3 18. Qxd3 Rc4 19. Rfa1 Rfc8 20. Nd1 Qb7 {[%emt 0:04:08] Black is more active.} (20... Nh5 $15) 21. h3 Nd7 {[%emt 0:01:12] Pair of Knights!} 22. Kh1 (22. Bf2 $11) 22... g6 23. Nb2 R4c7 $1 24. Rc1 Nc5 25. Bxc5 Rxc5 26. c4 Qd7 27. Rac3 Qc7 28. Qe2 Qd7 29. Qd3 $1 a6 30. Qe2 {[%emt 0:00:21] [#]} (30. Ra1 $15) 30... b5 $1 $17 31. axb5 axb5 32. Kg1 (32. Qe1 $142) 32... bxc4 ({Black should play} 32... b4 33. Re3 Qc7) 33. Rxc4 {[%emt 0:05:20][%mdl 8192] Now White is beyond hope.} ({Don't blunder} 33. Nxc4 $2 Qb5 34. Kh2 Nxc4 $19) (33. Kh2 $17) 33... Nxc4 $19 34. Rxc4 Rxc4 35. Nxc4 $17 {[%emt 0:00:04] KQR-KQN} Qb5 36. Qb2 Qxc4 37. Kh2 Qc1 38. Qe2 Qc7 {[%emt 0:09:45] Weighted Error Value: White=0.92/Black=0.18 (very precise)} (38... Rc2 $142 39. Qd3 Qf4+ 40. Kg1 Rc1+ 41. Kf2 Qh4+ 42. g3 Qxh3 43. Ke3 Qxg3 44. Qd2 Qg1+ 45. Ke2 Qf1+ 46. Ke3 Ra1 47. Qc2 Qe1+ 48. Kd3 Ra3+ 49. Kc4 Qa5 50. Qb3 Qc5+ 51. Kd3 Rxb3+ 52. Ke2 Qc2+ 53. Kf1 Rb1#) 0-1

[Event "Asian Amateur-ch Open 2022"]
[Site "Muscat"]
[Date "2022.10.02"]
[Round "2.12"]
[White "Dadabaev, Zhanybek"]
[Black "Al Jahwari, Adnan Mohammed"]
[Result "1-0"]
[ECO "A96"]
[WhiteElo "1902"]
[BlackElo "1546"]
[Annotator "TA"]
[PlyCount "69"]
[EventDate "2022.09.29"]
[EventType "swiss"]
[SourceTitle "playchess.com"]
[Source "ChessBase"]
[SourceQuality "1"]
[TimeControl "5400+30"]

1. d4 f5 2. c4 Nf6 3. Nf3 e6 4. Nc3 Be7 5. g3 O-O 6. Bg2 d6 7. O-O h6 {[%emt 0:01:01] A96: Classical Dutch: Fluid Systems: Early deviations.} 8. b4 Nbd7 {[%emt 0:05:58] [#]} 9. Qc2 $146 ({Predecessor:} 9. Qb3 Nh5 10. e4 fxe4 11. Nxe4 e5 12. Bb2 exd4 13. c5+ Kh8 14. cxd6 cxd6 15. Nxd4 {1-0 (28) Neuillet,A-Griffon,O Cappelle la Grande 1995}) 9... Rb8 (9... Nb6 $11) 10. Rd1 Nb6 11. Qb3 Ne4 {[%emt 0:05:56] [#]} (11... d5 $14) 12. c5 (12. Nxe4 $1 $16 fxe4 13. Nd2) 12... Nxc3 $11 13. Qxc3 Nd5 14. Qb3 Nf6 (14... Qe8 $11) 15. Bb2 $36 {[%emt 0:03:19][%mdl 2048] White has strong initiative. White is more active. White stays focused until the end.} g5 16. a4 Ne4 (16... Kh7 $16) 17. d5 $18 e5 {[%emt 0:00:41] [#]} 18. Nxe5 Bf6 19. Nd3 Bd7 20. f3 Bxb2 21. Qxb2 ({Resist} 21. Nxb2 Nf6 $16) 21... Nf6 22. Qd4 Qe8 (22... Qe7 $142 23. e4 fxe4) 23. e4 fxe4 24. fxe4 {[%emt 0:00:15] And now e5 would win.} Bxa4 (24... Qh5 $142 25. Rf1 Ng4) 25. Re1 Bb5 26. e5 ({Don't play} 26. Rxa7 $6 Bxd3 27. Qxd3 Ng4 $16) 26... Bxd3 $2 (26... Qg6 27. exd6 (27. cxd6 cxd6 28. Rad1 Bxd3 $18) 27... cxd6) 27. exd6 {[%emt 0:02:49][%mdl 64] Discovered Attack} ({Weaker is} 27. Qxd3 dxe5 28. Rxa7 e4 29. Bxe4 Nxe4 $16) 27... Qb5 28. dxc7 Rbc8 29. d6 a6 30. Bd5+ Nxd5 31. Qxd5+ Rf7 32. Re7 Bc4 33. Qe4 Rxe7 34. Qxe7 {[%emt 0:01:22] d7 would kill now.} Re8 35. d7 {[%emt 0:01:11] Weighted Error Value: White=0.20 (precise) /Black=0.72} 1-0

[Event "Asian Amateur-ch Open 2022"]
[Site "Muscat"]
[Date "2022.10.02"]
[Round "2.13"]
[White "Al Amri, Mahad"]
[Black "Salim Issa, Ali Shamas"]
[Result "1-0"]
[ECO "B84"]
[WhiteElo "1589"]
[BlackElo "1886"]
[Annotator "NA RC COMBH"]
[PlyCount "81"]
[EventDate "2022.09.29"]
[EventType "swiss"]
[SourceTitle "playchess.com"]
[Source "ChessBase"]
[SourceQuality "1"]
[TimeControl "5400+30"]

1. e4 c5 2. Nf3 e6 3. d4 cxd4 4. Nxd4 a6 5. Nc3 Qc7 6. a3 Nf6 7. Be2 d6 8. Be3 Nbd7 9. O-O b5 10. Qd2 Bb7 11. f3 Be7 12. Rad1 O-O 13. g4 Rfc8 14. Rf2 Ne5 15. g5 Nfd7 16. f4 Nc4 17. Bxc4 Qxc4 18. f5 e5 19. Nde2 Bxe4 20. f6 Bf8 21. Ng3 Bb7 22. fxg7 Bxg7 23. Qxd6 Nf8 24. Rdf1 Rc7 25. Qd3 Qc6 26. Nce4 Ng6 27. Nc5 Nf4 28. Bxf4 Qxc5 29. Be3 Qc6 30. b4 Qe6 31. Qf5 Qc6 32. Rd1 Qe8 33. Rd6 Rd8 34. Rfd2 Rxd6 35. Rxd6 Bf8 36. Nh5 Bg7 37. Rh6 Qd7 38. Qxh7+ Kf8 39. Qxg7+ Ke8 40. Rh8+ Ke7 41. Qf6# 1-0

[Event "Asian Amateur-ch Open 2022"]
[Site "Muscat"]
[Date "2022.10.02"]
[Round "2.14"]
[White "Sharaf, Khaleel"]
[Black "Al Zadjali, Abdul Rahman"]
[Result "0-1"]
[ECO "D11"]
[WhiteElo "1874"]
[BlackElo "1534"]
[Annotator "NA RC COMBH"]
[PlyCount "110"]
[EventDate "2022.09.29"]
[EventType "swiss"]
[SourceTitle "playchess.com"]
[Source "ChessBase"]
[SourceQuality "1"]
[TimeControl "5400+30"]

1. c4 Nf6 2. Nf3 c6 3. g3 d5 4. d4 dxc4 5. Bg2 Bf5 6. Nc3 Nbd7 7. a4 a5 8. O-O e6 9. h3 Bb4 10. Bg5 h6 11. Bf4 Nd5 12. Bd2 N7f6 13. Ne5 Nb6 14. Bc1 Bxc3 15. bxc3 Ne4 16. Qc2 Nxg3 17. e4 Bxe4 18. Bxe4 Nxf1 19. Bg6 O-O 20. Bh7+ Kh8 21. Kxf1 g6 22. Bxg6 fxg6 23. Nxg6+ Kg7 24. Nxf8 Qxf8 25. Qe4 Qf5 26. Qh4 Qd3+ 27. Kg1 Qg6+ 28. Kh2 Nd5 29. Bd2 Kh7 30. Rg1 Qf6 31. Bg5 Qf8 32. Qe4+ Qf5 33. Qh4 Qf8 34. Rg2 b5 35. Qe4+ Qf5 36. Qh4 Qf8 37. Bc1 Ra7 38. Qh5 Nf4 39. Qf3 Rf7 40. Qe4+ Kh8 41. Qe5+ Kh7 42. Qe4+ Kh8 43. Rg4 Nd3 44. Bxh6 Rxf2+ 45. Kg3 Qd6+ 46. Kh4 Qe7+ 47. Kg3 Qd6+ 48. Kh4 Qe7+ 49. Kh5 Qf7+ 50. Kh4 Qe7+ 51. Kg3 Qd6+ 52. Kh4 Qe7+ 53. Kh5 Qf7+ 54. Qg6 Rf5+ 55. Rg5 Nf4+ 0-1

[Event "Asian Amateur-ch Open 2022"]
[Site "Muscat"]
[Date "2022.10.02"]
[Round "2.15"]
[White "Khalili, Mehdi"]
[Black "Bagheri, Majid"]
[Result "1-0"]
[ECO "D02"]
[WhiteElo "1575"]
[BlackElo "1870"]
[Annotator "NA RC COMBH"]
[PlyCount "108"]
[EventDate "2022.09.29"]
[EventType "swiss"]
[SourceTitle "playchess.com"]
[Source "ChessBase"]
[SourceQuality "1"]
[TimeControl "5400+30"]

1. d4 Nf6 2. Nf3 g6 3. Bf4 Bg7 4. e3 d5 5. h3 O-O 6. Bd3 c5 7. c3 Nc6 8. O-O Nd7 9. Nbd2 e5 10. dxe5 Ndxe5 11. Be2 Be6 12. Nxe5 Nxe5 13. Nf3 Nc6 14. Ng5 Qb6 15. Nxe6 fxe6 16. Bg4 Ne7 17. Qb3 Qc6 18. Rad1 Kh8 19. Bh2 Nf5 20. Rd2 Rad8 21. Rfd1 Bf6 22. Bf3 Nh4 23. Be2 c4 24. Qa3 d4 25. Bf1 d3 26. b4 b5 27. Qb2 Qe4 28. a4 a6 29. axb5 axb5 30. Ra1 Ra8 31. Ra5 Qc6 32. Qa3 Rxa5 33. bxa5 Ra8 34. Bd6 Kg8 35. Bb4 Be5 36. Qc1 Bc7 37. Ra2 Ra6 38. Qd1 h5 39. Qe1 Nf5 40. g3 e5 41. Bg2 e4 42. Qd1 Bd6 43. Bxd6 Nxd6 44. g4 Qc5 45. gxh5 gxh5 46. Kh1 Qe5 47. Qg1 Kh8 48. Bf1 Nf7 49. Qg3 Qxc3 50. Qb8+ Kg7 51. Qxb5 Rg6 52. Qxh5 Qc1 53. Qxg6+ Kxg6 54. Kg1 d2 1-0

[Event "Asian Amateur-ch Open 2022"]
[Site "Muscat"]
[Date "2022.10.02"]
[Round "2.16"]
[White "Al Hanai, Said Hashil"]
[Black "Gabdushev, Arman"]
[Result "0-1"]
[ECO "D00"]
[WhiteElo "1537"]
[BlackElo "1827"]
[Annotator "NA RC COMBH"]
[PlyCount "158"]
[EventDate "2022.09.29"]
[EventType "swiss"]
[SourceTitle "playchess.com"]
[Source "ChessBase"]
[SourceQuality "1"]
[TimeControl "5400+30"]

1. d4 c6 2. Nf3 d5 3. Nc3 Bf5 4. Nh4 Bg6 5. Nxg6 hxg6 6. Bf4 Nf6 7. Na4 e6 8. Bd2 Nbd7 9. e3 b5 10. Nc3 a6 11. Bd3 c5 12. O-O Bd6 13. f4 Qb6 14. Qf3 cxd4 15. exd4 Qxd4+ 16. Be3 Qb4 17. Rab1 Bc5 18. Rfe1 Bxe3+ 19. Rxe3 O-O 20. Ree1 Nc5 21. Qf2 Nxd3 22. cxd3 Rfc8 23. Kh1 Qc5 24. d4 Qc4 25. h3 b4 26. Na4 Qc2 27. Qxc2 Rxc2 28. Rec1 Rd2 29. Rd1 Rxd1+ 30. Rxd1 Rc8 31. Nc5 a5 32. Re1 Nh5 33. Nb7 Rc2 34. Rb1 a4 35. Nc5 a3 36. Nd3 axb2 37. Kh2 Rd2 38. Nxb4 Nxf4 39. a4 Rxd4 40. Rxb2 Nd3 41. Nxd3 Rxd3 42. Ra2 Rc3 43. a5 Rc7 44. a6 Ra7 45. Kg3 Kf8 46. Kf4 f6 47. h4 Ke7 48. g4 e5+ 49. Ke3 Kd6 50. Kd3 Kc6 51. Ra5 d4 52. Kc4 Kb6 53. Rd5 Kxa6 54. Kc5 Rb7 55. Kc6 Rf7 56. Rc5 Rf8 57. Rd5 Rh8 58. g5 Rxh4 59. gxf6 gxf6 60. Rd8 Ka5 61. Kc5 Ka4 62. Kc4 Ka3 63. Rd6 Rf4 64. Rb6 g5 65. Kd3 g4 66. Ra6+ Kb4 67. Ra1 Kc5 68. Ra5+ Kd6 69. Ra6+ Kd5 70. Ra5+ Ke6 71. Ra1 Kf5 72. Rg1 Rf3+ 73. Ke2 Kf4 74. Rd1 d3+ 75. Ke1 e4 76. Rd2 g3 77. Rg2 e3 78. Rg1 d2+ 79. Kd1 g2 0-1

[Event "Asian Amateur-ch Open 2022"]
[Site "Muscat"]
[Date "2022.10.02"]
[Round "2.17"]
[White "Abdivaliev, Daniial"]
[Black "Nadeem Aziz"]
[Result "1/2-1/2"]
[ECO "B48"]
[WhiteElo "1528"]
[BlackElo "1797"]
[Annotator "NA RC COMBH"]
[PlyCount "175"]
[EventDate "2022.09.29"]
[EventType "swiss"]
[SourceTitle "playchess.com"]
[Source "ChessBase"]
[SourceQuality "1"]
[TimeControl "5400+30"]

1. e4 c5 2. Nf3 e6 3. d4 cxd4 4. Nxd4 Nc6 5. Nc3 Qc7 6. Be3 a6 7. Qd2 Nf6 8. f3 Bb4 9. a3 Be7 10. g4 d6 11. h4 b5 12. O-O-O Nxd4 13. Qxd4 e5 14. Qd2 Bb7 15. g5 Nh5 16. Bh3 Qc4 17. Bf1 Qc7 18. Nd5 Bxd5 19. Qxd5 Rc8 20. Rh2 Qc6 21. Bh3 Qxd5 22. Rxd5 Rc4 23. Bf1 Rc6 24. a4 bxa4 25. Ra5 O-O 26. Rxa4 Rd8 27. Bc4 Nf4 28. Bd5 Nxd5 29. exd5 Rcc8 30. Rxa6 Ra8 31. Ra3 Rdc8 32. Rxa8 Rxa8 33. b3 f5 34. f4 Ra1+ 35. Kb2 Rf1 36. fxe5 dxe5 37. c4 f4 38. Bb6 e4 39. Re2 e3 40. Kc3 Rd1 41. Bc7 f3 42. Rxe3 f2 43. Rf3 f1=Q 44. Rxf1 Rxf1 45. d6 Kf7 46. b4 Bxd6 47. Bxd6 Ke6 48. c5 Kd5 49. b5 Rb1 50. b6 Kc6 51. g6 hxg6 52. Kd4 Rb4+ 53. Ke5 Rxh4 54. Ke6 Rg4 55. Kf7 Rg1 56. Kxg7 g5 57. Kg6 g4 58. Kg5 Kb7 59. Kh4 Kc6 60. Bh2 Rh1 61. Kg3 Kxc5 62. Kg2 Rb1 63. Bc7 Rb3 64. Bd8 Kd4 65. Bh4 Ke4 66. Bd8 Kf4 67. Bc7+ Kf5 68. Bd8 g3 69. Bc7 Kg4 70. Be5 Rxb6 71. Bxg3 Rb2+ 72. Bf2 Rc2 73. Kg1 Kf3 74. Bd4 Rd2 75. Bb6 Rg2+ 76. Kh1 Rg6 77. Bg1 Ke2 78. Bh2 Kf1 79. Bf4 Rg4 80. Bh2 Kf2 81. Bd6 Rh4+ 82. Bh2 Kf3 83. Kg1 Re4 84. Bd6 Re1+ 85. Kh2 Re6 86. Bc7 Rh6+ 87. Kg1 Rh7 88. Bd6 1/2-1/2

[Event "Asian Amateur-ch Open 2022"]
[Site "Muscat"]
[Date "2022.10.02"]
[Round "2.18"]
[White "Shreyas Seshadri Nallore"]
[Black "Vijay Chauhan"]
[Result "1-0"]
[ECO "A05"]
[WhiteElo "1791"]
[BlackElo "1526"]
[Annotator "NA RC COMBH"]
[PlyCount "115"]
[EventDate "2022.09.29"]
[EventType "swiss"]
[SourceTitle "playchess.com"]
[Source "ChessBase"]
[SourceQuality "1"]
[TimeControl "5400+30"]

1. Nf3 Nf6 2. b3 g6 3. Bb2 Bg7 4. e3 b6 5. d4 O-O 6. Bd3 Bb7 7. Nbd2 d5 8. c4 c6 9. O-O Nbd7 10. Qe2 Nh5 11. cxd5 cxd5 12. Rac1 Rc8 13. Rxc8 Qxc8 14. Ba3 Re8 15. Rc1 Qb8 16. Bb5 Qd8 17. h3 Rf8 18. Ba6 Qb8 19. Bxe7 Rc8 20. Rxc8+ Qxc8 21. Bxb7 Qxb7 22. Qb5 a6 23. Qb4 Nhf6 24. Bxf6 Bxf6 25. Qd6 Kg7 26. g4 h6 27. h4 Bd8 28. Kg2 b5 29. g5 h5 30. Ne5 Nxe5 31. Qxe5+ f6 32. Qe8 Qe7 33. Qxe7+ Bxe7 34. gxf6+ Kxf6 35. Kg3 Kf5 36. Kh3 a5 37. a4 b4 38. Kg3 Bd6+ 39. Kh3 Be7 40. f3 Bf8 41. Nf1 Bh6 42. Ng3+ Ke6 43. e4 Be3 44. Ne2 Bf2 45. Nf4+ Kf7 46. Nxd5 Bxd4 47. Kg3 Ke6 48. Kf4 Kf7 49. Kg5 Bc3 50. f4 Bd4 51. f5 gxf5 52. Kxf5 Bf2 53. Nf4 Bxh4 54. Nxh5 Ke7 55. e5 Bf2 56. Nf6 Bd4 57. Ke4 Bb6 58. Nd5+ 1-0

[Event "Asian Amateur-ch Open 2022"]
[Site "Muscat"]
[Date "2022.10.02"]
[Round "2.19"]
[White "Al Harasi Saif"]
[Black "Ferzli, Dany Michael"]
[Result "0-1"]
[ECO "B15"]
[WhiteElo "1518"]
[BlackElo "1789"]
[Annotator "NA RC COMBH"]
[PlyCount "144"]
[EventDate "2022.09.29"]
[EventType "swiss"]
[SourceTitle "playchess.com"]
[Source "ChessBase"]
[SourceQuality "1"]
[TimeControl "5400+30"]

1. e4 c6 2. d4 d5 3. Nc3 dxe4 4. Nxe4 Nf6 5. Nxf6+ exf6 6. Nf3 Bd6 7. Bd3 O-O 8. O-O Bg4 9. h3 Bxf3 10. Qxf3 Re8 11. c4 Nd7 12. Be3 Qc7 13. c5 Bf8 14. Rad1 b6 15. b4 a5 16. a3 axb4 17. axb4 Ra4 18. b5 bxc5 19. dxc5 Ne5 20. Qg3 Qc8 21. Bc2 Ra5 22. b6 Bxc5 23. Bxc5 Rxc5 24. Bb3 Rb5 25. Rb1 Qb8 26. Qe3 Nd7 27. Qd3 Nc5 28. Bxf7+ Kxf7 29. Qc4+ Ne6 30. Qxc6 Rxb1 31. Rxb1 Nd8 32. Qd5+ Kf8 33. b7 Nxb7 34. g3 Re7 35. Qf5 Kg8 36. Rc1 Rc7 37. Re1 Qc8 38. Qd5+ Kh8 39. Kh2 h6 40. Qb5 Nd6 41. Qb6 Rc6 42. Qb4 Nf7 43. Qb3 Ne5 44. Re3 Rc2 45. Kg1 Rc1+ 46. Kg2 Qc6+ 47. f3 Qc2+ 48. Qxc2 Rxc2+ 49. Kf1 Kh7 50. f4 Nc4 51. Rd3 h5 52. Ke1 f5 53. Rd5 g6 54. h4 Rg2 55. Rd3 Na5 56. Kf1 Ra2 57. Rd7+ Kh6 58. Ra7 Ra1+ 59. Kf2 Nb3 60. Rxa1 Nxa1 61. Kf3 Nc2 62. Ke2 Nb4 63. Ke3 Nd5+ 64. Kd4 Nf6 65. Ke3 Ne4 66. Kf3 Kg7 67. Kg2 Kf6 68. Kf3 Ke6 69. Kg2 Kd5 70. Kf3 Kd4 71. Kg2 Ke3 72. Kh3 Kf3 0-1

[Event "Asian Amateur-ch Open 2022"]
[Site "Muscat"]
[Date "2022.10.02"]
[Round "2.20"]
[White "Al Abdali, Zeyad Saleh"]
[Black "Al Zaabi, Faras"]
[Result "1-0"]
[ECO "A57"]
[WhiteElo "1780"]
[BlackElo "1514"]
[Annotator "NA RC COMBH"]
[PlyCount "79"]
[EventDate "2022.09.29"]
[EventType "swiss"]
[SourceTitle "playchess.com"]
[Source "ChessBase"]
[SourceQuality "1"]
[TimeControl "5400+30"]

1. d4 Nf6 2. Nf3 g6 3. c4 c5 4. d5 b5 5. cxb5 a6 6. b6 d6 7. Nc3 Bg7 8. e4 O-O 9. Qb3 Bb7 10. Nd2 Nbd7 11. Nc4 Ng4 12. Be2 Nge5 13. Na5 Rb8 14. f4 c4 15. Qb4 Nd3+ 16. Bxd3 cxd3 17. Be3 f5 18. Nc6 Bxc6 19. dxc6 Bxc3+ 20. Qxc3 Rxb6 21. cxd7 Rb7 22. Qc4+ Rf7 23. O-O Qxd7 24. Qxd3 Rxb2 25. Bd4 fxe4 26. Qxe4 Rb4 27. Rab1 Rxb1 28. Rxb1 e6 29. Rb8+ Rf8 30. Rxf8+ Kxf8 31. Qa8+ Ke7 32. Qg8 Qa4 33. Qxh7+ Ke8 34. Qxg6+ Kd7 35. Qf7+ Kc8 36. Qxe6+ Kc7 37. Qe7+ Kc8 38. Qxd6 Qd1+ 39. Kf2 Qc2+ 40. Kg3 1-0